 Dungeon Crawl Stone Soup version 0.29-a0-721-g7f417c9bbb (webtiles) character file.

Game seed: 17834363057635201912

39 riojii the Shield-Bearer (level 3, -1/23 HPs)
             Began as a Gargoyle Fighter on June 27, 2022.
             Slain by an orc wizard
             ... wielding a +0 dagger
              (4 damage)
             ... on level 2 of the Dungeon.
             The game lasted 00:02:02 (1720 turns).

riojii the Shield-Bearer (Gargoyle Fighter)         Turns: 1720, Time: 00:02:02

Health: -1/23      AC: 12    Str: 21    XL:     3   Next: 45%
Magic:  3/3        EV:  7    Int:  8    God:
Gold:   84         SH:  4    Dex:  9    Spells: 2/2 levels left

rFire   . . .      SeeInvis .     - Unarmed
rCold   . . .      Faith    .   b - +0 buckler
rNeg    + . .      Spirit   .   l - +0 chain mail
rPois   ∞          Reflect  .   (no helmet)
rElec   +          Harm     .   (no cloak)
rCorr   .          Rampage  .   (no gloves)
Will    .....                   (no boots)
Stlth   ..........              (no amulet)
HPRegen 0.07/turn               (no ring)
MPRegen 0.08/turn               (no ring)

@: no status effects
A: sickness immunity, AC +3, negative energy resistance 1, electricity
resistance, torment resistance 1, petrification resistance
a: no special abilities


You were on level 2 of the Dungeon.
You visited 1 branch of the dungeon, and saw 3 of its levels.

You collected 84 gold pieces.

Inventory:

Armour
 b - a +0 buckler (worn)
 l - a +0 chain mail (worn)
Scrolls
 g - a scroll of teleportation
 i - a scroll of amnesia {unknown}
 j - a scroll of brand weapon {unknown}
 k - a scroll of enchant armour {unknown}
 m - a scroll of immolation {unknown}
Potions
 a - a potion of heal wounds {unknown}
 c - a potion of might
 d - a potion of invisibility {unknown}
 e - 2 potions of cancellation {unknown}
 f - a potion of lignification {unknown}
 h - a potion of brilliance {unknown}


   Skills:
 + Level 3.6 Fighting
 + Level 3.6 Armour
 + Level 3.6 Shields
 * Level 2.8 Unarmed Combat


You had 2 spell levels left.
You didn't know any spells.
Your spell library contained the following spells:

 Spells                   Type           Power      Damage    Failure   Level
 Blink                    Tloc           0%         N/A       100%        2
 Manifold Assault         Tloc           0%         N/A       100%        5
 Storm Form               Tmut/Air       0%         N/A       100%        7


Dungeon Overview and Level Annotations

Branches:
Dungeon (3/15)

Altars:


Innate Abilities, Weirdness & Mutations

You are immune to sickness and miasma.
Your stone body is resilient. (AC +3)
You are immune to poison.
You resist negative energy. (rN+)
You are resistant to electric shocks. (rElec)
You are resistant to unholy torment.
You are immune to petrification.


Message History

You are too injured to fight recklessly!
You are too injured to fight recklessly!
You are too injured to fight recklessly!
You are too injured to fight recklessly!
The orc closely misses you. The orc hits you with a +0 falchion.
* * * LOW HITPOINT WARNING * * *
The orc wizard casts a spell.
The orc wizard flickers and vanishes!
Deactivating autopickup; reactivate with Ctrl-A.
The orc hits you but does no damage.
You climb upwards.
Reactivating autopickup.
There is a stone staircase leading down here.
You barely miss the orc. You block the orc's attack. x2
The orc hits you but does no damage.
You hit the orc but do no damage. The orc hits you with a +0 falchion.
* * * LOW HITPOINT WARNING * * *
The orc hits you but does no damage. You block the orc's attack.
You barely miss the orc. The orc hits you but does no damage. x2
The orc barely misses you.
You hit the orc but do no damage. You block the orc's attack.
The orc hits you but does no damage. x2
You closely miss the orc. The orc hits you with a +0 falchion.
* * * LOW HITPOINT WARNING * * *
You block the orc's attack. The orc closely misses you.
You hit the orc.
The orc is moderately wounded.
The orc hits you but does no damage. The orc barely misses you.
You block the orc's attack.
You hit the orc.
The orc is heavily wounded.
You block the orc's attack. The orc closely misses you.
The orc hits you but does no damage.
You hit the orc.
You kill the orc!
The orc hits you but does no damage. The orc closely misses you.
Deactivating autopickup; reactivate with Ctrl-A.
You closely miss something. You block the orc's attack.
The orc barely misses you. Something hits you.
You die...

...(..#
#..#.###.......#
#.
.....<#######..#.#
#.......######
....)..........#.#
#.......##....
##############.#.#
#.......##.... .#
#........#.#
#.......##.... .#
#.######.#.#
#.......##.... .#
#.# #...#
#.......##.... .#
#.# ##o{#
#.......###.## .#
##'#### #o@#
###########'## .#
#.....# ####
#..........
######.....#
#####..........
#....#.....#
#..............
'....'.....#
####...........)..
#....#.....#
#........######'##
#....#.....#
#........######.#
#....#.....#
#.............#.#
#....#.....#
####..........#.#


You could see 2 orcs.

Vanquished Creatures
  A worm (D:2)
  3 dart slugs
  An orc (D:2)
  3 ball pythons
  2 endoplasms
  A giant cockroach (D:1)
  3 goblins
  3 hobgoblins
  4 jackals (D:1)
  2 bats (D:2)
  3 kobolds
  2 rats (D:2)
28 creatures vanquished.

Notes
Turn   | Place    | Note
-------+----------+-------------------------------------------
     0 | D:1      | riojii the Gargoyle Fighter began the quest for the Orb.
     0 | D:1      | Reached XP level 1. HP: 14/14 MP: 1/1
   165 | D:1      | Found a faded altar of an unknown god.
   183 | D:1      | Reached XP level 2. HP: 19/19 MP: 2/2
   864 | D:2      | Reached XP level 3. HP: 14/23 MP: 3/3
  1720 | D:2      | Slain by an orc wizard

Illustrated notes

Levels and vault maps discovered:
D:1:      roderic_crossed_star, layout_basic, basic_ecumenical_altar
D:2:      layout_basic
D:3:      kennysheep_the_goblin_king, layout_loops_cross

Action                   || total
-------------------------++-------
Melee: Unarmed           ||   143
  Use: Scroll            ||     4
Armor: Scale mail        ||    54
       Chain mail        ||    25
Dodge: Dodged            ||    46
Block: Buckler           ||    29

Table legend: (Time is in decaauts)
 A = Elapsed time spent in this place.
 B = Non-inter-level travel time spent in this place.
 C = Inter-level travel time spent in this place.
 D = Time resting spent in this place.
 E = Time spent auto-exploring this place.
 F = Levels seen in this place.
 G = Mean time per level.
                   A        B        C        D        E       F      G
               +--------+--------+--------+--------+--------+-----+--------+
         Total |   1719 |   1678 |     41 |    324 |   1099 |   3 |  573.0 |
       Dungeon |   1719 |   1678 |     41 |    324 |   1099 |   3 |  573.0 |
               +--------+--------+--------+--------+--------+-----+--------+

Top non-repeatable levels by time:
     D:2: 874 daAuts
     D:1: 838 daAuts
     D:3: 6 daAuts
